 Dungeon Crawl Stone Soup version 0.19.0-23-gf02e663 (webtiles) character file.

281 Gargoyl the Skirmisher (level 6, -3/48 HPs)
             Began as a Demonspawn Abyssal Knight on Nov 19, 2016.
             Was a Believer of Lugonu.
             Slain by an orc warrior
             ... wielding a +0 halberd
              (9 damage)
             ... on level 3 of the Dungeon.
             The game lasted 00:07:27 (4006 turns).

Gargoyl the Skirmisher (Demonspawn Abyssal Knight)  Turns: 4006, Time: 00:07:28

Health: -3/48      AC: 13    Str:  9 (11) XL:     6   Next: 6%
Magic:  9/9        EV:  9    Int: 10 (13) God:    Lugonu [**....]
Gold:   173        SH:  0    Dex: 17      Spells: 0 memorised, 5 levels left

rFire  . . .     SeeInvis +     w - +2 war axe
rCold  . . .     Gourm    .     m - +0 chain mail
rNeg   . . .     Faith    .     (no shield)
rPois  .         Spirit   .     (no helmet)
rElec  .         Reflect  .     l - +0 cloak
rCorr  .         Harm     .     b - +0 pair of gloves (curse)
MR     .....     Clarity  +     (no boots)
Stlth  ..........               (no amulet)
                                (no ring)
                                d - ring of see invisible

@: agile
A: slimy green scales 1, blurry vision 1, clarity, high mp 1, powered by death
2, weak 2, wild magic 1, rot immunity
a: Depart the Abyss, Bend Space, Renounce Religion


You were on level 3 of the Dungeon.
You worshipped Lugonu.
Lugonu was pleased with you.
You were not hungry.

You visited 1 branch of the dungeon, and saw 4 of its levels.
You visited the Abyss 1 time.

You collected 173 gold pieces.

Inventory:

Hand Weapons
 a - a +1 hand axe
 i - a +0 spear
 w - a +2 war axe (weapon)
Armour
 b - a cursed +0 pair of gloves (worn)
 l - a +0 cloak (worn)
 m - a +0 chain mail (worn)
Jewellery
 d - a ring of see invisible (left hand)
Scrolls
 f - 4 scrolls of identify
Potions
 h - a potion of flight
 v - a potion of cancellation
Books
 e - a book of Changes

   Spells                             Type                      Level
   a - Beastly Appendage              Transmutation                1
   b - Sticks to Snakes               Transmutation                2
   c - Spider Form                    Transmutation/Poison         3
   d - Ice Form                       Ice/Transmutation            4
   e - Blade Hands                    Transmutation                5
Comestibles
 c - 3 bread rations
 j - 4 fruits
 n - 2 chunks of flesh
 p - a beef jerky
 u - a meat ration


   Skills:
 + Level 4.0 Fighting
 + Level 3.8 Axes
 * Level 3.2 Armour
 + Level 1.4 Dodging
 * Level 3.5 Invocations


You had 5 spell levels left.
You didn't know any spells.

Dungeon Overview and Level Annotations

Branches:
Dungeon (4/15)
 Temple: D:4-7

Altars:
Gozag

Shops:
D:4 [


Innate Abilities, Weirdness & Mutations

You are partially covered in slimy green scales. (AC +2)
You regenerate health from kills.
You are immune to rotting.
Scrolls take you a little longer to read.
You possess an exceptional clarity of mind.
You have an increased reservoir of magic. (+10% MP)
You are very weak. (Str -4)
Your spells are a little harder to cast, but a little more powerful.


Message History

The orc warrior is heavily wounded.
The orc warrior hits you with a halberd!
You closely miss the orc warrior.
The orc warrior is heavily wounded.
The orc warrior barely misses you.
You hit the orc warrior but do no damage.
The orc warrior is heavily wounded.
The orc warrior hits you with a halberd!
* * * LOW HITPOINT WARNING * * *
Okay, then.
You hit the orc warrior but do no damage.
The orc warrior is heavily wounded.
The orc warrior barely misses you.
Your chain mail prevents you from hitting the orc warrior.
The orc warrior is heavily wounded.
The orc warrior barely misses you.
You hit the orc warrior but do no damage.
The orc warrior is heavily wounded.
The orc warrior hits you with a halberd!
You die...

##.## ##...## #.# ###.####
##.....## ### #.# #......#
##.......## ##.###.#
###.#....###.........####...##.#
...........'.........'.......#.#
###.#....###....)....####...##.#
#.#..#.# ##.......## ##.#...#
#......# ##.....## ###.###
####.### ##.@o## #.# #.# ##+##
#.# ##.#########.######## #.#
#..........#.#......# #.#
##.#######.#.#.####.# #.# ###
#.....# #)# #.#
#.....####.####.#
#.....##........#
#.#.#.##.#.######


You could see an orc warrior.

Vanquished Creatures
  2 orc priests (D:4)
  An orc wizard (D:4)
  A bullfrog skeleton (D:4)
  An iguana (D:3)
  A worker ant (D:4)
  2 adders
  3 oozes
  2 dart slugs
  2 leopard geckos (D:1)
  6 orcs
  4 giant cockroaches
  6 goblins
  4 hobgoblins
  13 jackals
  4 kobolds
  A quokka (D:2)
  A ball python (D:3)
  6 bats
  A frilled lizard (D:3)
  A jackal skeleton (D:4)
  7 rats
69 creatures vanquished.

Notes
Turn   | Place    | Note
-------+----------+-------------------------------------------
     0 | Abyss:1  | Gargoyl the Demonspawn Abyssal Knight began the quest for the Orb.
     0 | Abyss:1  | Reached XP level 1. HP: 18/18 MP: 2/2
    62 | Abyss:1  | Found a corrupted altar of Lugonu.
   127 | Abyss:1  | Found a corrupted altar of Lugonu.
   154 | Abyss:1  | Noticed a small abomination
   180 | D:1      | Escaped the Abyss
   913 | D:1      | Gained mutation: You are partially covered in slimy green scales. (AC +2) [demonic ancestry]
   913 | D:1      | Reached XP level 2. HP: 24/24 MP: 3/3
  1093 | D:1      | Reached skill level 1 in Dodging
  1426 | D:2      | Reached * piety under Lugonu
  1457 | D:2      | Gained mutation: You regenerate a little health from kills. [demonic ancestry]
  1457 | D:2      | Reached XP level 3. HP: 29/29 MP: 4/4
  2427 | D:3      | Found a faded altar of an unknown god.
  2506 | D:3      | Found an opulent altar of Gozag.
  2512 | D:3      | Gained mutation: You are immune to rotting. [demonic ancestry]
  2512 | D:3      | Reached XP level 4. HP: 33/36 MP: 5/5
  3318 | D:4      | Gained mutation: You are weak. (Str -2) [potion of mutation]
  3318 | D:4      | Gained mutation: You possess an exceptional clarity of mind. [potion of mutation]
  3318 | D:4      | Gained mutation: You are very weak. (Str -4) [potion of mutation]
  3319 | D:4      | Gained mutation: Your spells are a little harder to cast, but a little more powerful. [potion of mutation]
  3319 | D:4      | Gained mutation: Scrolls take you a little longer to read. [potion of mutation]
  3319 | D:4      | Gained mutation: You have an increased reservoir of magic. (+10% MP) [potion of mutation]
  3606 | D:4      | Gained mutation: You regenerate health from kills. [demonic ancestry]
  3606 | D:4      | Reached XP level 5. HP: 14/42 MP: 7/7
  3841 | D:4      | Reached ** piety under Lugonu
  3872 | D:4      | Noticed a phantom
  3875 | D:4      | Noticed an orc warrior
  3876 | D:4      | Found Itrutoba's Armour Shoppe.
  3882 | D:4      | Reached skill level 4 in Fighting
  3942 | D:3      | Reached XP level 6. HP: 38/48 MP: 9/9
  4006 | D:3      | Slain by an orc warrior

Skill      XL: |  1  2  3  4  5 |
---------------+----------------+-----
Axes           | 2 3 |  3.8
Dodging        | 1 |  1.4
Armour         | 2 3 |  3.2
Invocations    | 3 |  3.5
Fighting       | 4 |  4.0

Action                   |  1- 3 |  4- 6 || total
-------------------------+-------+-------++-------
Melee: Hand axe          |   138 |       ||   138
       War axe           |     5 |   128 ||   133
Invok: Depart the Abyss  |     1 |       ||     1
  Use: Potion            |       |    14 ||    14
       Scroll            |       |     8 ||     8
  Eat: Chunk             |     5 |     5 ||    10
Armor: Ring mail         |     5 |       ||     5
       Leather armour    |     3 |       ||     3
       Chain mail        |   118 |   101 ||   219
       Skin              |       |    12 ||    12
Dodge: Dodged            |    81 |    44 ||   125
